 Dungeon Sprint DCSS version 0.30-a0-881-g1ff12e1e11 (webtiles) character file.

Game seed: 6437559829627255147

1033 testman the Basher (level 8, -15/96 HPs)
             Began as a Troll Berserker on Mar 14, 2023.
             Was a Priest of Trog.
             Demolished by Sonja
             ... wielding a +0 dagger of distortion
              (17 damage)
             ... in the Dungeon (Sprint I: "Red Sonja").
             The game lasted 00:03:01 (293 turns).

testman the Basher (Troll Berserker)                 Turns: 293, Time: 00:03:02

Health: -15/96     AC:  4    Str: 28    XL:     8   Next: 3%
Magic:  7/7        EV: 10    Int:  3    God:    Trog [***...]
Gold:   421        SH:  0    Dex:  9    Spells: 7/7 levels left

rFire   . . .      SeeInvis .    j - +0 giant club
rCold   . . .      Faith    .    (shield currently unavailable)
rNeg    . . .      Spirit   .    b - +0 animal skin
rPois   .          Reflect  .    (helmet restricted)
rElec   .          Rampage  .    (no cloak)
rCorr   .          NoTele   +    (gloves unavailable)
Will    ++...                    (boots unavailable)
Stlth   +                        (no amulet)
HPRegen 2.16/turn                (no ring)
MPRegen 0.10/turn                (no ring)

@: lethally poisoned (-15 -> -15), strong-willed, on berserk cooldown,
regenerating, slowed, very slow
A: large, unfitting armour, claws 3, regeneration 1, shaggy fur 1, tough skin 1
a: Renounce Religion, Berserk, Trog's Hand


You were in the Dungeon.
You worshipped Trog.
Trog was most pleased with you.
You visited 1 branch You collected 421 gold pieces.

Inventory:

Hand Weapons
 a - a +0 mace
 j - a +0 giant club (weapon)
Armour
 b - a +0 animal skin (worn)
Wands
 i - a wand of roots (11)
Scrolls
 h - a scroll of blinking
 k - a scroll of identify {unknown}
Potions
 c - a potion of curing
 d - a potion of heal wounds
 e - a potion of haste
 f - 2 potions of magic
 g - a potion of berserk rage


   Skills:
 + Level 10.8 Fighting
 + Level 11.8 Maces & Flails
 - Level 2.4 Dodging


You had 7 spell levels left.
You didn't know any spells.
Your spell library was empty.

Dungeon Overview and Level Annotations

Branches:
Dungeon (1/1)

Altars:
Makhleb
Sif Muna
Vehumet
Wu Jian
Xom
Jiyva
Lugonu

Annotations:
D Sonja


Innate Abilities, Weirdness & Mutations

You are too large for most types of armour.
You have claws for hands.
Your natural rate of healing is unusually fast.
You are covered in fur. (AC +1)
You have tough skin. (AC +1)


Message History

Sonja mumbles some strange words.
Sonja blinks!
There is an open door here.
You feel very sick.
Sonja throws a curare-tipped dart.
The curare-tipped dart hits you.
You are more poisoned.
You have difficulty breathing.
You feel as though you will be slow longer.
You feel your anger nearly subside.
You are no longer berserk.
You are exhausted.
You feel as though you will be slow longer.
You feel very sick.
There is an open door here.
You miss Sonja.
You feel very sick. Sonja hits you but does no damage.
Sonja hits you with a +0 dagger of distortion.
Space warps horribly around you!!
Sonja hits you with a +0 dagger of distortion!
Sonja casts a spell.
Sonja blinks!
You feel very sick.
Sonja throws a curare-tipped dart.
The curare-tipped dart hits you.
You are more poisoned.
You have difficulty breathing.
You feel as though you will be slow longer.
You miss Sonja.
You feel very sick. Sonja hits you but does no damage.
Space warps horribly around you!
Sonja hits you with a +0 dagger of distortion.
* * * LOW HITPOINT WARNING * * *
Space warps horribly around you!
* * * LOW HITPOINT WARNING * * *
Sonja closely misses you.
Sonja hits you with a +0 dagger of distortion.
* * * LOW HITPOINT WARNING * * *
Space warps horribly around you!
* * * LOW HITPOINT WARNING * * *
Sonja hits you but does no damage. Space warps horribly around you!
You die...

##########################
#<.#..†.)#..'..#__#).'...#
#..').#..'..#..'..+).#...#
#..#####'#####'#__####
..'s #..# #..#...#.####)$#
##s #..# ####..##.#§~~.c#
#..# ##'#_.+~§§§ #⌠⌠#
+..K_#~§§§c# ####
#_@#'##+#### ##'#.# #.###
+$.$+ #$.$# ##.## #+#


You could see Sonja.

Vanquished Creatures
  2 kobold demonologists (D)
  A slime creature (D)
  Sigmund (D)
  A floating eye (D)
  An ogre (D)
  A jelly (D)
  Ijyb (D)
8 creatures vanquished.

Notes
Turn   | Place    | Note
-------+----------+-------------------------------------------
     0 | D        | testman the Troll Berserker began the quest for the Orb.
     0 | D        | Reached XP level 1. HP: 22/22 MP: 0/0
     1 | D        | Noticed Ijyb
    10 | D        | Killed Ijyb
    11 | D        | Reached skill level 4 in Maces & Flails
    11 | D        | Reached XP level 2. HP: 32/32 MP: 1/1
    60 | D        | Noticed an ogre
    65 | D        | Killed an ogre
    66 | D        | Reached skill level 5 in Fighting
    66 | D        | Reached skill level 6 in Maces & Flails
    66 | D        | Reached XP level 3. HP: 32/44 MP: 2/2
    66 | D        | Reached XP level 4. HP: 38/52 MP: 3/3
   119 | D        | Noticed Sigmund
   133 | D        | Killed Sigmund
   133 | D        | Reached ** piety under Trog
   134 | D        | Reached skill level 8 in Maces & Flails
   134 | D        | Reached XP level 5. HP: 49/63 MP: 4/4
   157 | D        | Found a burning altar of Makhleb.
   157 | D        | Found a viscous altar of Jiyva.
   157 | D        | Found a shimmering altar of Xom.
   157 | D        | Found a corrupted altar of Lugonu.
   157 | D        | Noticed a slime creature
   161 | D        | Killed a slime creature
   162 | D        | Reached skill level 9 in Maces & Flails
   162 | D        | Reached XP level 6. HP: 74/74 MP: 5/5
   194 | D        | Noticed a kobold demonologist
   194 | D        | Noticed a floating eye
   194 | D        | Noticed a kobold demonologist
   196 | D        | Paralysed by a floating eye for 4 turns
   201 | D        | Paralysed by a floating eye for 4 turns
   203 | D        | Noticed a soul eater
   206 | D        | Killed a floating eye
   207 | D        | Reached skill level 10 in Maces & Flails
   207 | D        | Reached XP level 7. HP: 83/83 MP: 6/6
   211 | D        | Killed a kobold demonologist
   211 | D        | Reached *** piety under Trog
   212 | D        | Reached skill level 10 in Fighting
   212 | D        | Reached skill level 11 in Maces & Flails
   216 | D        | Killed a kobold demonologist
   217 | D        | Reached XP level 8. HP: 74/96 MP: 7/7
   219 | D        | Noticed a demonic crawler
   219 | D        | Noticed a demonic crawler
   245 | D        | Found an ornate altar of the Wu Jian Council.
   245 | D        | Found a shimmering blue altar of Sif Muna.
   247 | D        | Found a radiant altar of Vehumet.
   255 | D        | Noticed a centaur warrior
   257 | D        | Noticed a centaur warrior
   285 | D        | Noticed Sonja
   293 | D        | HP: 2/96 [Sonja/+0 dagger of distortion (9)]
   293 | D        | Demolished by Sonja

Illustrated notes

Levels and vault maps discovered:
D:        dungeon_sprint_1 [red_sonja_temple_1, red_sonja_temple_small_1]

Skill      XL: |  1  2  3  4  5  6  7 |
---------------+----------------------+-----
Fighting       | 4 5 7 8 9 10 | 10.8
Maces & Flails | 4 6 8 9 10 11 | 11.8
Dodging        | |  2.4

Action                     |  1- 3 |  4- 6 |  7- 9 || total
---------------------------+-------+-------+-------++-------
  Melee: Mace              |     8 |       |       ||     8
         Punch             |     2 |       |       ||     2
         Giant club        |       |    11 |    14 ||    25
 Invoke: Berserk           |     2 |     2 |     1 ||     5
         Trog's Hand       |       |     1 |     1 ||     2
 Armour: Animal skin       |       |     1 |     7 ||     8
  Dodge: Dodged            |     1 |     4 |     4 ||     9

Table legend: (Time is in decaauts)
 A = Elapsed time spent in this place.
 B = Non-inter-level travel time spent in this place.
 C = Inter-level travel time spent in this place.
 D = Time resting spent in this place.
 E = Time spent auto-exploring this place.
 F = Levels seen in this place.
 G = Mean time per level.
                   A        B        C        D        E       F      G
               +--------+--------+--------+--------+--------+-----+--------+
         Total |    333 |    333 |      0 |    171 |      0 |   1 |  333.0 |
       Dungeon |    333 |    333 |      0 |    171 |      0 |   1 |  333.0 |
               +--------+--------+--------+--------+--------+-----+--------+

Top non-repeatable levels by time:
       D: 333 daAuts
